 Dungeon Crawl Stone Soup version 0.31-a0-819-gf6de2f5ab6 (console) character file.

Game seed: 14748739794298747149

1568716 questionabletactics the Impregnable (level 27, 246/246 HPs)
             Began as a Ghoul Monk on Sept 24, 2023.
             Was the Champion of Dithmenos.
             Escaped with the Orb
             ... and 3 runes on Sept 25, 2023!
             The game lasted 03:33:18 (82098 turns).

questionabletactics the Impregnable (Ghoul Monk)   Turns: 82098, Time: 03:33:18

Health: 246/246    AC: 49    Str: 35    XL:     27
Magic:  31/31      EV: 25    Int:  7    God:    Dithmenos [******]
Gold:   4685       SH: 17    Dex: 20    Spells: 26/26 levels left

rFire   + +          .
                       - Unarmed
rCold   + . .        G - +2 kite shield {reflect}
rNeg    + + +        f - +10 crystal plate armour
rPois   ∞            J - +2 hat {Will+}
rElec   +            X - +2 cloak {Stlth+}
rCorr   .            x - +0 pair of fencer's gloves {Riposte Dex+3}
SInv    .            y - +2 pair of slick slippers {slick, slippery, EV+4}
Will    +++..        Q - amulet of Hahonti {Acrobat Drain rElec rF+ Int+2} Stlth
                     n - +6 ring of strength
HPRegen 0.61/turn    k - ring of Vehumet's Anger {rF+ rN+ Str+2 Dex+4}
MPRegen 0.22/turn

%: reflection, acrobat
@: wreathed by umbra, studying 2 skills
A: claws 1, cold resistance 1, negative energy resistance 3, inhibited
regeneration, torment resistance 2, devour on kill
0: Orb of Zot
}: 3/15 runes: barnacled, silver, gossamer
a: Renounce Religion, Shadow Step, Shadow Form


You escaped.
You worshipped Dithmenos.
Dithmenos was exalted by your worship.
You visited 11 branches of the dungeon, and saw 51 of its levels.
You visited 1 bazaar.
You also visited: Wizlab.

You collected 8516 gold pieces.
You spent 3831 gold pieces at shops.

Inventory:

Missiles
 i - 4 silver javelins
 m - 5 throwing nets
 U - 14 javelins (quivered)
Armour
 f - a +10 crystal plate armour (worn)
 x - the +0 pair of fencer's gloves (worn) {Riposte Dex+3}
   (You bought it in a shop in a bazaar)

   Riposte:   It allows the wearer to riposte with melee weapons, swiftly
   retaliating against missed or blocked melee attacks.
   Dex+3:     It affects your dexterity (+3).
 y - the +2 pair of slick slippers (worn) {slick, slippery, EV+4}
   (You found it on level 5 of the Vaults)

   Slick:     Its wearer cannot be constricted, engulfed, netted or webbed.
   Slippery:  Its wearer slips away from damaging melee attacks, pulling the
   attacker onward.
   EV+4:      It affects your evasion (+4).
 E - the +3 pair of mountain boots {steadfast, rC+}
   (You found it on level 4 of the Spider Nest)

   Steadfast: It prevents involuntary movement, except for blinking,
   teleportation, or banishment.
   rC+:       It protects you from cold.
 G - a +2 kite shield of reflection (worn)
 J - a +2 hat of willpower (worn)
 X - a +2 cloak of stealth (worn)
Jewellery
 c - a +6 ring of dexterity
 k - the ring of Vehumet's Anger (right hand) {rF+ rN+ Str+2 Dex+4}
   (You found it on level 3 of the Crypt)

   [ring of positive energy]

   Str+2:     It affects your strength (+2).
   Dex+4:     It affects your dexterity (+4).
   rF+:       It protects you from fire.
   rN+:       It protects you from negative energy.
 n - a +6 ring of strength (left hand)
 C - a ring of willpower
 D - a ring of see invisible
 F - the ring "Ynnuk" {rC+ MP+9}
   (You found it on level 3 of the Crypt)

   [ring of magical power]

   rC+:       It protects you from cold.
   MP+9:      It affects your magic capacity (+9).
 I - the ring of Zarph {Fly rN+ rCorr Dex+3}
   (You found it on level 3 of the Crypt)

   [ring of positive energy]

   Dex+3:     It affects your dexterity (+3).
   rN+:       It protects you from negative energy.
   Fly:       It grants you flight.
   rCorr:     It protects you from acid and corrosion.
 P - an amulet of reflection
 Q - the amulet of Hahonti (around neck) {Acrobat Drain rElec rF+ Int+2}
   (You took it off a deep elf archer on level 3 of the Elven Halls)

   [amulet of the acrobat]

   Acrobat:   It increases your evasion while moving and waiting.
   Int+2:     It affects your intelligence (+2).
   rF+:       It protects you from fire.
   rElec:     It insulates you from electricity.
   Drain:     It drains your maximum health when unequipped.
 R - a +4 ring of protection
Wands
 h - a wand of paralysis (21)
 H - a wand of light (13)
 K - a wand of roots (48)
 N - a wand of digging (10)
 Y - a wand of mindburst (17)
Scrolls
 d - 2 scrolls of butterflies
 p - 7 scrolls of fear
 q - 3 scrolls of vulnerability
 t - 4 scrolls of blinking
 B - a scroll of silence
 T - 4 scrolls of poison
 V - 4 scrolls of teleportation
 W - a scroll of torment
Potions
 a - 3 potions of might
 b - 3 potions of ambrosia
 e - 15 potions of curing
 j - 11 potions of enlightenment
 l - 3 potions of heal wounds
 s - a potion of haste
 v - 3 potions of magic
 w - a potion of resistance
Miscellaneous
 g - a phial of floods
 r - a phantom mirror
 L - a lightning rod (4/4)
 O - a sack of spiders
 S - a tin of tremorstones (2/2)


   Skills:
 - Level 20.0 Fighting
 + Level 23.8 Armour
 + Level 23.2 Dodging
 - Level 17.3 Shields
 - Level 21.6 Unarmed Combat
 - Level 13.0 Invocations
 - Level 7.9 Evocations


You had 26 spell levels left.
You didn't know any spells.
Your spell library contained the following spells:

 Spells                   Type           Power      Damage    Failure   Level
 Apportation              Tloc           0%         N/A       97%         1
 Foxfire                  Conj/Fire      0%         2x1d4     97%         1
 Kiss of Death            Conj/Necr      0%         2d5       97%         1
 Magic Dart               Conj           0%         1d3       97%         1
 Necrotise                Necr           0%         1d4       97%         1
 Slow                     Hex            0%         N/A       97%         1
 Sting                    Tmut/Pois      0%         1d3       97%         1
 Summon Small Mammal      Summ           0%         N/A       97%         1
 Blink                    Tloc           0%         N/A       99%         2
 Call Imp                 Summ           0%         N/A       99%         2
 Cigotuvi's Dreadful Rot  Necr/Pois/Air  0%         N/A       99%         2
 Ensorcelled Hibernation  Hex/Ice        0%         N/A       99%         2
 Jinxbite                 Hex            0%         N/A       99%         2
 Momentum Strike          Conj/Tloc      0%         3d8       99%         2
 Passwall                 Tmut/Erth      0%         N/A       99%         2
 Poisonous Vapours        Pois/Air       0%         N/A       99%         2
 Static Discharge         Conj/Air       0%         2-2/arc   99%         2
 Call Canine Familiar     Summ           0%         N/A       100%        3
 Dazzling Flash           Conj/Hex       0%         N/A       100%        3
 Hailstorm                Conj/Ice       0%         3d3       100%        3
 Inner Flame              Hex/Fire       0%         N/A       100%        3
 Mephitic Cloud           Conj/Pois/Air  0%         N/A       100%        3
 Ozocubu's Armour         Ice            0%         N/A       100%        3
 Summon Guardian Golem    Hex/Summ       0%         N/A       100%        3
 Swiftness                Air            0%         N/A       100%        3
 Tukima's Dance           Hex            0%         N/A       100%        3
 Volatile Blastmotes      Fire/Tloc      0%         2d10      100%        3
 Airstrike                Air            0%         2d(0-16)  100%        4
 Animate Armour           Summ/Erth      0%         N/A       100%        4
 Animate Dead             Necr           0%         N/A       100%        4
 Brom's Barrelling Bould  Conj/Erth      0%         2d3       100%        4
 Cause Fear               Hex            0%         N/A       100%        4
 Dimensional Bullseye     Hex/Tloc       0%         N/A       100%        4
 Dispel Undead            Necr           0%         3d6       100%        4
 Flame Wave               Conj/Fire      0%         2d4       100%        4
 Iskenderun's Mystic Bla  Conj/Tloc      0%         2d3       100%        4
 Leda's Liquefaction      Hex/Erth       0%         N/A       100%        4
 Manifold Assault         Tloc           0%         N/A       100%        4
 Olgreb's Toxic Radiance  Pois           0%         N/A       100%        4
 Petrify                  Tmut/Erth      0%         N/A       100%        4
 Sticky Flame             Conj/Fire      0%         2d3       100%        4
 Summon Ice Beast         Ice/Summ       0%         N/A       100%        4
 Summon Lightning Spire   Summ/Air       0%         N/A       100%        4
 Alistair's Intoxication  Tmut/Pois      0%         N/A       100%        5
 Borgnjor's Vile Clutch   Necr/Erth      0%         N/A       100%        5
 Fireball                 Conj/Fire      0%         3d3       100%        5
 Freezing Cloud           Conj/Ice/Air   0%         6-21      100%        5
 Irradiate                Conj/Tmut      0%         3d11      100%        5
 Iskenderun's Battlesphe  Conj           0%         2d6       100%        5
 Lee's Rapid Deconstruct  Erth           0%         3d4*      100%        5
 Metabolic Englaciation   Hex/Ice        0%         N/A       100%        5
 Silence                  Hex/Air        0%         N/A       100%        5
 Summon Forest            Summ/Tloc      0%         N/A       100%        5
 Summon Mana Viper        Hex/Summ       0%         N/A       100%        5
 Bombard                  Conj/Erth      0%         9d1       100%        6
 Conjure Ball Lightning   Conj/Air       0%         3x3d6     100%        6
 Death Channel            Necr           0%         N/A       100%        6
 Dispersal                Tloc           0%         N/A       100%        6
 Eringya's Noxious Bog    Tmut/Pois      0%         4d6       100%        6
 Plasma Beam              Fire/Air       0%         2x1d10    100%        6
 Simulacrum               Ice/Necr       0%         N/A       100%        6
 Starburst                Conj/Fire      0%         6d3       100%        6
 Summon Cactus Giant      Summ           0%         N/A       100%        6
 Monstrous Menagerie      Summ           0%         N/A       100%        7
 Orb of Destruction       Conj           0%         9d5       100%        7
 Summon Hydra             Summ           0%         N/A       100%        7
 Discord                  Hex            0%         N/A       100%        8
 Disjunction              Tloc           0%         N/A       100%        8
 Ignition                 Fire           0%         3d3       100%        8
 Infestation              Necr           0%         N/A       100%        8
 Maxwell's Capacitive Co  Air            0%         ∞         100%        8
 Dragon's Call            Summ           0%         N/A       100%        9
 Polar Vortex             Ice            0%         N/A       100%        9
 Sublimation of Blood     Necr           Unusable   N/A       N/A         2

Dungeon Overview and Level Annotations

Branches:
Dungeon (15/15)            Temple (1/1) D:6            Lair (5/5) D:8
 Shoals (4/4) Lair:2       Spider (4/4) Lair:3        Slime (0/5) Lair:4
    Orc (2/2) D:11            Elf (3/3) Orc:2        Vaults (5/5) D:13
  Crypt (3/3) Vaults:2       Tomb (0/3) Crypt:3      Depths (4/4) D:15
    Zot (5/5) Depths:4     WizLab (visited)

Altars:
Ashenzari
Cheibriados
Dithmenos
Fedhas
Gozag
Hepliaklqana
Kikubaaqudgha
Makhleb
Nemelex Xobeh
Okawaru
Qazlal
Ru
Sif Muna
Trog
Uskayaw
Vehumet
Wu Jian
Xom
Yredelemnul
Jiyva

Shops:
D:1 (   D:2 !   D:7 =   Orc:2 [([*   Elf:1 [   Elf:2 =   Elf:3 [   Shoals:1 ?*(
Shoals:2 (   Vaults:1 (   Vaults:2 [

Portals:
Hell: Depths:1 Depths:2 Depths:3 Depths:4
Abyss: Depths:3
Pandemonium: Depths:2
Ziggurat: Depths:3

Annotations:
Spider:1 Roxanne
Spider:3 Mara
Elf:2 5 runed translucent doors
Elf:3 1 exclusion


Innate Abilities, Weirdness & Mutations

You are immune to poison.
You have sharp fingernails.
Your flesh is cold resistant. (rC+)
You are immune to negative energy. (rN+++)
You do not regenerate when monsters are visible.
You are immune to unholy pain and torment.
You thrive by killing the living.


Message History

There is a stone staircase leading down here.
There is an open door here.
You see here a +0 dagger.
There is a stone staircase leading up here.
You climb upwards.
There is a stone staircase leading down here.
An Orb Guardian comes into view.
You completely miss the Orb Guardian. Your shadow hits the Orb Guardian.
You closely miss the Orb Guardian.
The Orb Guardian is lightly wounded.
Your shadow hits the Orb Guardian. You pummel the Orb Guardian!!
The Orb Guardian is moderately wounded.
The Orb Guardian closely misses you.
You pummel the Orb Guardian!!
The Orb Guardian is almost dead.
Your shadow hits the Orb Guardian but does no damage.
The Orb Guardian hits you!!
You slip backwards!
You pummel the Orb Guardian!!
You kill the Orb Guardian!
Dithmenos accepts your kill.
You feel better.
(D) Dungeon (T) Temple (L) Lair (A) Shoals (N) Spider Nest (M) Slime Pits (O) Orcish Mines (E) Elven Halls (V) Vaults (C) Crypt (W) Tomb (U) Depths (H) Hell (Z) Zot
Where to? (Tab/Enter - D:1 @ (x,y), ? - help) HP restored.
A soul eater and a demonspawn black sun come into view.
The demonspawn black sun is wielding a +1 demon whip of venom and wearing a +2 leather armour of fire resistance.
Blink to where?
Press: ? - help, Dir - move target
As you read the scroll of blinking, it crumbles to dust.
The soul eater moves out of view.
The demonspawn black sun moves out of view.
A Hell Sentinel comes into view.
Blink to where?
Press: ? - help, Dir - move target
As you read the scroll of blinking, it crumbles to dust.
You have escaped!

#... #... #...
#... #... #...
#... #♣♣♣♣♣♣♣♣♣♣
#... ♣@.#♣.....♣♣
#...
♣..........♣♣##...
#♣...♣.♣....♣....#
♣.....⌠....1♣###..
♣....♣.♣....♣ ###
♣♣..§......♣♣
♣♣.......♣♣ ####
♣♣♣...♣♣♣####...
#.............


There were no monsters in sight!

Vanquished Creatures
  2 dread liches (Zot:5)
  2 ancient liches (Vaults:5)
  3 orbs of fire
  Mennas (Vaults:4)
  2 juggernauts
  Sojobo (D:15)
  Boris (twice) (Depths:4 Zot:4)
  Vv (Depths:4)
  3 Killer Klowns
  Bai Suzhen (Shoals:3)
  Saint Roka (Orc:2)
  A caustic shrike (Depths:2)
  A curse toe (Zot:5)
  Jory (Vaults:2)
  6 golden dragons
  A bone dragon (Depths:4)
  An electric golem (Zot:5)
  A walking earthen tome (Depths:2)
  5 liches
  Asterion (Depths:1)
  2 deep elf blademasters (Elf:3)
  15 tentacled monstrosities
  4 quicksilver dragons
  2 walking divine tomes
  Polyphemus (Shoals:2)
  2 walking frostbound tomes (Depths:2)
  24 Orb Guardians
  6 titans
  6 sphinxes
  2 deep elf master archers (Elf:3)
  A kraken (Shoals:3)
  8 ancient champions
  Gastronok (Lair:2)
  Kirke (Shoals:1)
  Agnes (Spider:4)
  6 death cobs
  Frances (Spider:1)
  5 shadow dragons
  13 tengu reavers
  16 storm dragons
  6 draconian monks
  12 revenants
  Aizul (Crypt:1)
  Donald (Crypt:1)
  9 emperor scorpions
  8 frost giants
  12 fire giants
  5 draconian knights
  3 draconian scorchers
  A caustic shrike zombie (WizLab)
  Ilsuiw (Shoals:2)
  2 iron dragons
  10 deep elf sorcerers
  A spectral caustic shrike (Crypt:3)
  A curse skull (Crypt:3)
  11 ghouls
  5 ghost moths
  A balrug (Zot:4)
  5 draconian shifters
  13 vault wardens
  7 draconian annihilators
  9 deep elf elementalists
  4 draconian stormcallers
  3 war gargoyles
  A cacodemon (D:15)
  2 spriggan defenders
  20 ironbound preservers
  11 ironbound thunderhulks
  13 stone giants
  5 vampire knights
  2 broodmothers
  21 very ugly things
  4 formless jellyfish
  4 green draconians
  8 deep elf annihilators
  9 yellow draconians
  A spectral titan (WizLab)
  11 deep elf demonologists
  4 dire elephants
  7 spark wasps
  6 black draconians
  9 purple draconians
  4 halazid warlocks (WizLab)
  10 white draconians
  11 red draconians
  11 eidola
  15 jiangshi
  4 crystal guardians
  10 deep elf death magi
  12 ettins
  10 fire dragons
  6 merfolk javelineers
  A quicksilver dragon zombie (Crypt:2)
  10 merfolk impalers
  Josephine (Orc:1)
  A spectral quicksilver dragon (Crypt:3)
  7 yaktaur captains
  4 ice dragons
  4 deep elf high priests
  6 entropy weavers
  A spriggan zombie (D:15)
  5 hydras
  A great orb of eyes (Vaults:2)
  A jorogumo (Spider:3)
  9 spriggan air magi
  30 vault guards
  3 catoblepae
  A sphinx zombie (Crypt:1)
  3 peacekeepers
  8 centaur warriors
  3 radroaches
  The ghost of MrSquiggles the Destroyer, a journeyman HuFE of Ashenzari (Orc:1)
  7 two-headed ogres
  9 ironbound frosthearts
  5 boulder beetles
  17 dancing weapons
  3 merfolk avatars (Shoals:3)
  3 merfolk aquamancers
  A satyr (Shoals:4)
  An ogre mage (Vaults:5)
  A spectral stone giant (Crypt:3)
  2 death knights
  6 tengu warriors
  An azure jelly zombie (Crypt:3)
  10 death yaks
  9 deep troll shamans
  The ghost of bahustanut the Markself, a journeyman DEHu of Hepliaklqana (D:11)
  A death scarab (Spider:4)
  2 spectral dire elephants (Crypt:3)
  6 deep troll earth magi
  8 demonic crawlers
  Urug (D:10)
  10 spriggan berserkers
  11 vampire magi
  4 spectral storm dragons (Crypt:3)
  2 orc high priests
  9 hell knights
  A soul eater (Crypt:3)
  9 spriggans
  3 sun demons
  A sphinx skeleton (Crypt:2)
  10 deep elf knights
  Amaemon (D:9)
  8 shadow wraiths
  A sixfirhy (D:13)
  3 skysharks
  11 flayed ghosts
  A spark wasp zombie (WizLab)
  10 sea snakes
  2 spectral spark wasps (WizLab)
  6 pharaoh ants
  3 sun moths
  11 orb spiders
  37 skeletal warriors
  7 iron trolls
  A golden dragon skeleton (Crypt:2)
  A bog body (Crypt:3)
  A glowing orange brain (Spider:2)
  55 deep trolls
  A spriggan simulacrum (Crypt:3)
  A spectral iron dragon (Crypt:3)
  6 orc knights
  13 deep elf archers
  A wolf spider zombie (WizLab)
  A spectral wolf spider (WizLab)
  26 deep elf zephyrmancers
  21 ironbound convokers
  4 lindwurms
  5 steelbarb worms
  10 wizards
  23 phantasmal warriors
  7 necromancers
  23 harpies
  A tengu skeleton (D:15)
  18 deep elf pyromancers
  A wolf spider (shapeshifter) (Vaults:5)
  4 spectral spriggans
  2 frost giant zombies
  59 ugly things
  19 wolf spiders
  5 fauns
  A spectral ettin (Crypt:3)
  8 cyclopes
  Maurice (D:8)
  The ghost of bahustanut the Thaumaturge, a novice DsNe (D:6)
  An orc sorcerer (Orc:2)
  25 moths of wrath
  A toenail golem (D:13)
  15 manticores
  13 elephants
  A stone giant skeleton (D:15)
  15 vault sentinels
  A spectral centaur (Crypt:3)
  A black mamba (shapeshifter) (D:15)
  5 water nymphs
  A frost giant skeleton (Crypt:3)
  5 torpor snails
  5 merfolk sirens
  A rust devil (D:13)
  5 black mambas
  A guardian serpent (shapeshifter) (Depths:2)
  A catoblepas zombie (Crypt:2)
  A gargoyle (D:12)
  A human zombie (Vaults:5)
  6 cane toads
  Maggie (Lair:2)
  27 yaktaurs
  A yaktaur zombie (Vaults:5)
  A kobold demonologist (D:11)
  Jeremiah (D:8)
  2 orange demons
  4 efreet
  A black draconian zombie (Crypt:3)
  16 freezing wraiths
  An ice devil (D:13)
  9 tengu conjurers
  2 rime drakes
  8 komodo dragons
  An unseen horror (D:10)
  A catoblepas skeleton (Crypt:3)
  2 spectral harpies
  A guardian mummy (D:15)
  A red devil (D:10)
  A queen bee (shapeshifter) (Elf:3)
  11 trolls
  4 polar bears
  5 meliai (Depths:2)
  22 merfolk
  6 harpy zombies
  16 hornets
  42 tarantellas
  20 dream sheep
  3 wind drakes
  A wind drake (shapeshifter) (D:15)
  Grinder (D:5)
  20 blink frogs
  2 ettin zombies
  28 jumping spiders
  21 culicivoras
  13 flying skulls (WizLab)
  18 slime creatures
  A jumping spider (shapeshifter) (D:13)
  5 snapping turtles
  An air elemental (Elf:2)
  A centaur simulacrum (Crypt:3)
  5 shadows (Crypt:3)
  A vampire (D:11)
  A hog (shapeshifter) (Elf:2)
  A dire elephant simulacrum (Crypt:3)
  2 wyverns
  2 ynoxinuls (D:10)
  45 yaks
  4 fire bats (Lair:1)
  21 water elementals
  11 wraiths
  Grum (Lair:1)
  4 basilisks
  A hog (Shoals:2)
  68 redbacks
  A human simulacrum (Vaults:5)
  20 fire elementals
  3 steam dragons (D:8)
  6 neqoxecs
  9 vampire mosquitoes
  A chaos spawn (D:5)
  An acid dragon (D:13)
  3 wargs
  An acid dragon (shapeshifter) (Vaults:5)
  A water moccasin (shapeshifter) (Vaults:5)
  16 water moccasins
  A demonspawn skeleton (Crypt:1)
  2 floating eyes (Depths:2)
  Duvessa (D:5)
  43 orc warriors
  A swamp drake (shapeshifter) (Vaults:5)
  A glowing shapeshifter skeleton (Crypt:3)
  A black bear (shapeshifter) (D:13)
  2 manticore zombies (Shoals:3)
  5 black bears
  5 ogres
  18 wolves
  5 boggarts
  22 centaurs
  2 phantoms
  2 kobold brigands
  A draconian skeleton (Crypt:3)
  2 necrophages (Crypt:2)
  6 bullfrogs
  An elf skeleton (Crypt:2)
  3 earth elementals
  A scorpion (D:5)
  2 gnoll sergeants
  8 wights
  Dowan (D:5)
  A yak zombie (Crypt:3)
  A troll zombie (Crypt:1)
  A warg skeleton (Crypt:2)
  10 killer bees
  8 howler monkeys
  A polar bear skeleton (Crypt:2)
  2 electric eels
  A bullfrog zombie (Crypt:3)
  2 quasits (Orc:1)
  4 hounds
  29 orc priests
  2 gnoll boudas
  3 jellies
  A black bear zombie (Crypt:1)
  An iguana (D:5)
  34 orc wizards
  5 hell rats (Lair:5)
  A howler monkey zombie (D:3)
  5 adders
  20 gnolls
  A white imp (D:7)
  An ufetubus (D:7)
  An adder zombie (D:3)
  A lava snake skeleton (Crypt:1)
  A worm (D:2)
  2 dart slugs
  100 orcs
  8 ball pythons
  5 bats
  4 endoplasms
  A giant cockroach (D:1)
  3 goblins
  5 hobgoblins
  7 jackals
  15 kobolds
  A ball python skeleton (Crypt:1)
  5 frilled lizards
  2 orc skeletons
  6 rats
  A rat skeleton (Crypt:1)
  2 tentacles (Shoals:3)
2287 creatures vanquished.

Vanquished Creatures (others)
  A deep elf pyromancer (Elf:2)
  A deep elf zephyrmancer (Elf:1)
  A moth of wrath (Zot:1)
  A flying skull (WizLab)
  3 humans (Shoals:2)
  A water elemental (Elf:3)
  A boggart (Vaults:2)
  33 tentacles (Shoals:3)
42 creatures vanquished.

Grand Total: 2329 creatures vanquished

Notes
Turn   | Place    | Note
-------+----------+-------------------------------------------
     0 | D:1      | questionabletactics the Ghoul Monk began the quest for the
                  | Orb.
     0 | D:1      | Reached XP level 1. HP: 19/19 MP: 0/0
   154 | D:1      | Reached XP level 2. HP: 22/26 MP: 1/1
   295 | D:1      | Found Ifre's Antique Weapon Shop.
   556 | D:1      | Reached XP level 3. HP: 26/31 MP: 2/2
  1055 | D:2      | Found Roibb's Distillery.
  1072 | D:2      | Bought a potion of heal wounds for 65 gold pieces
  1087 | D:2      | Found a faded altar of an unknown god.
  1100 | D:2      | Prayed at the altar of an unknown god.
  1100 | D:2      | Became a worshipper of Dithmenos the Shadowed
  1100 | D:2      | Reached * piety under Dithmenos
  1100 | D:2      | Reached ** piety under Dithmenos
  1146 | D:2      | Reached skill level 5 in Unarmed Combat
  1552 | D:2      | Reached XP level 4. HP: 38/38 MP: 3/3
  2061 | D:3      | Found a basalt altar of Yredelemnul.
  2138 | D:3      | Reached *** piety under Dithmenos
  2206 | D:3      | Reached XP level 5. HP: 45/45 MP: 4/4
  2429 | D:3      | Found a broken altar of Ashenzari.
  2663 | D:4      | Found a sacrificial altar of Ru.
  2743 | D:4      | Noticed a black bear
  2752 | D:4      | Killed a black bear
  2753 | D:4      | Reached XP level 6. HP: 50/51 MP: 5/5
  2875 | D:4      | Found a bloodstained altar of Trog.
  3146 | D:5      | Entered Level 5 of the Dungeon
  3167 | D:5      | Noticed Duvessa
  3187 | D:5      | Noticed Dowan
  3378 | D:5      | Noticed a black bear
  3390 | D:5      | Killed a black bear
  3519 | D:5      | Reached XP level 7. HP: 52/57 MP: 6/6
  3788 | D:5      | Noticed Grinder
  3812 | D:5      | Killed Grinder
  3813 | D:5      | Reached skill level 10 in Unarmed Combat
  3882 | D:5      | Found a shadowy altar of Dithmenos.
  4146 | D:5      | Reached XP level 8. HP: 63/63 MP: 7/7
  4510 | D:5      | Killed Dowan
  4511 | D:5      | Reached skill level 1 in Armour
  5035 | D:5      | Killed Duvessa
  5074 | D:6      | Reached skill level 5 in Fighting
  5269 | D:2      | Bought a potion of heal wounds for 65 gold pieces
  5269 | D:2      | Bought a potion of heal wounds for 65 gold pieces
  5467 | D:6      | Found a staircase to the Ecumenical Temple.
  5539 | Temple   | Entered the Ecumenical Temple
  5570 | D:6      | Noticed bahustanut's ghost (novice DsNe)
  5578 | D:6      | Found a transporter.
  5581 | D:6      | Found a transporter.
  5953 | D:6      | Reached **** piety under Dithmenos
  6187 | D:6      | Reached XP level 9. HP: 70/75 MP: 8/8
  6741 | D:7      | Found Hiog's Jewellery Shop.
  7330 | D:8      | Noticed Jeremiah
  7479 | D:8      | Found an iron altar of Okawaru.
  7482 | D:8      | Found an ornate altar of the Wu Jian Council.
  7484 | D:8      | Found a hide-covered altar of Uskayaw.
  7488 | D:8      | Found a radiant altar of Vehumet.
  7491 | D:8      | Found a snail-covered altar of Cheibriados.
  7492 | D:8      | Found a shimmering altar of Xom.
  7501 | D:8      | Found a sparkling altar of Nemelex Xobeh.
  7546 | D:8      | Noticed a hornet
  7553 | D:8      | Killed a hornet
  7554 | D:8      | Reached skill level 10 in Fighting
  7601 | D:8      | Noticed Maurice
  7608 | D:8      | Paralysed by Maurice for 5 turns
  7611 | D:8      | Maurice stole 6 boomerangs
  7620 | D:8      | Killed Maurice
  7621 | D:8      | Reached XP level 10. HP: 89/93 MP: 9/9
  7726 | D:8      | Reached skill level 5 in Armour
  8188 | D:8      | Found a stormy altar of Qazlal.
  8445 | D:8      | Found a staircase to the Lair.
  8500 | D:8      | Killed Jeremiah
  8693 | D:9      | Reached skill level 1 in Evocations
  8739 | D:9      | Noticed Amaemon
  8761 | D:9      | Killed Amaemon
  8805 | D:9      | Noticed an orange demon
  8831 | D:9      | Killed an orange demon
  8832 | D:9      | Reached XP level 11. HP: 91/100 MP: 10/10
  8946 | D:9      | Reached ***** piety under Dithmenos
  9665 | D:10     | Entered Level 10 of the Dungeon
  9836 | D:10     | Found an ancient bone altar of Kikubaaqudgha.
 10340 | D:10     | Noticed Urug
 10424 | Lair:1   | Entered Level 1 of the Lair of Beasts
 10445 | Lair:1   | Reached skill level 1 in Invocations
 10560 | Lair:1   | Noticed Grum
 10580 | Lair:1   | Killed Grum
 10776 | Lair:1   | Noticed a catoblepas
 10802 | Lair:1   | Killed a catoblepas
 11474 | Lair:1   | Reached XP level 12. HP: 84/115 MP: 14/14
 11789 | Lair:1   | Noticed a death yak
 11789 | Lair:1   | Noticed a death yak
 12043 | Lair:2   | Noticed Gastronok
 12052 | Lair:2   | Killed Gastronok
 12529 | Lair:2   | Found a staircase to the Shoals.
 12569 | Lair:2   | Reached skill level 10 in Armour
 12956 | Lair:2   | Noticed a death yak
 12956 | Lair:2   | Noticed a boulder beetle
 12985 | Lair:2   | Killed a boulder beetle
 12986 | Lair:2   | Reached skill level 15 in Unarmed Combat
 12997 | Lair:2   | Killed a death yak
 13341 | Lair:2   | Noticed Maggie
 13352 | Lair:2   | Killed Maggie
 13668 | Lair:3   | Reached skill level 5 in Evocations
 14465 | Lair:3   | Reached XP level 13. HP: 69/125 MP: 15/15
 14775 | Lair:3   | Reached skill level 15 in Fighting
 14991 | Lair:3   | Found a hole to the Spider Nest.
 15761 | Lair:4   | Found a staircase to the Slime Pits.
 15761 | Lair:4   | Found a viscous altar of Jiyva.
 16005 | Lair:4   | Reached skill level 5 in Dodging
 16471 | Lair:5   | Entered Level 5 of the Lair of Beasts
 16609 | Lair:5   | Reached ****** piety under Dithmenos
 17593 | Lair:5   | Reached XP level 14. HP: 88/135 MP: 16/16
 19404 | D:10     | Found an ancient bone altar of Kikubaaqudgha.
 19517 | D:10     | Killed Urug
 19976 | D:2      | Bought a potion of heal wounds for 65 gold pieces
 19976 | D:2      | Bought a potion of heal wounds for 65 gold pieces
 19976 | D:2      | Bought a potion of brilliance for 52 gold pieces
 19976 | D:2      | Bought a potion of heal wounds for 65 gold pieces
 19976 | D:2      | Bought a potion of cancellation for 104 gold pieces
 20171 | D:6      | Killed bahustanut's ghost
 21492 | D:11     | Found a runed translucent gate.
 21493 | D:11     | Found a runed translucent gate.
 21494 | D:11     | Found a runed translucent gate.
 21495 | D:11     | Noticed bahustanut's ghost (journeyman DEHu)
 21688 | D:11     | Reached skill level 1 in Shields
 21743 | D:11     | Found a staircase to the Orcish Mines.
 23362 | Orc:1    | Entered Level 1 of the Orcish Mines
 23362 | Orc:1    | Noticed Josephine
 23656 | Orc:1    | Killed Josephine
 23658 | Orc:1    | Found a transporter.
 24062 | Orc:1    | Noticed MrSquiggles's ghost (journeyman HuFE)
 24080 | Orc:1    | Found a transporter.
 24200 | Orc:2    | Entered Level 2 of the Orcish Mines
 24221 | Orc:2    | Found a staircase to the Elven Halls.
 24728 | Orc:2    | Noticed Saint Roka
 24788 | Orc:2    | Reached skill level 5 in Invocations
 24791 | Orc:2    | Found Awuifouh's Armour Emporium.
 25097 | Orc:2    | Killed Saint Roka
 25098 | Orc:2    | Reached XP level 15. HP: 133/141 MP: 16/18
 25321 | Orc:2    | Found Yciam's Antique Weapon Boutique.
 25323 | Orc:2    | Found Gyraem's Antique Armour Shop.
 25506 | Orc:2    | Found Coll's General Store.
 25746 | Orc:2    | Bought a +1 helmet of see invisible for 247 gold pieces
 26038 | D:13     | Found a runed translucent door.
 26853 | D:13     | Found a gate to the Vaults.
 28335 | D:15     | Entered Level 15 of the Dungeon
 28905 | D:15     | Reached skill level 10 in Invocations
 29143 | D:15     | Found a staircase to the Depths.
 29773 | D:15     | Reached skill level 10 in Dodging
 29773 | D:15     | Reached XP level 16. HP: 143/149 MP: 22/22
 30023 | D:7      | Bought an amulet of reflection for 390 gold pieces
 30159 | Spider:1 | Entered Level 1 of the Spider Nest
 30224 | Spider:1 | Noticed Frances
 30341 | Spider:1 | Killed Frances
 31943 | Spider:1 | Noticed Roxanne
 34606 | Shoals:1 | Entered Level 1 of the Shoals
 34676 | Shoals:1 | Found Fier Xoi's Magic Scroll Shoppe.
 34773 | Shoals:1 | Bought a scroll of teleportation for 54 gold pieces
 34773 | Shoals:1 | Bought a scroll of butterflies for 72 gold pieces
 34814 | Shoals:1 | Found Lettuimp's Assorted Antiques.
 34934 | Shoals:1 | Identified the +8 short sword of the Wraith {flame, Int+5}
 35078 | Shoals:1 | Found Vutialau's Weapon Boutique.
 35479 | Shoals:1 | Reached XP level 17. HP: 151/156 MP: 24/24
 35800 | Shoals:2 | Noticed Ilsuiw
 36054 | Shoals:2 | Found Mus Avah's Antique Weapon Emporium.
 36085 | Shoals:2 | Noticed Kirke
 36109 | Shoals:1 | Killed Kirke
 36386 | Shoals:2 | Noticed Polyphemus
 37119 | Shoals:2 | Killed Polyphemus
 37505 | Shoals:2 | Killed Ilsuiw
 38642 | Shoals:3 | Noticed a kraken
 38745 | Shoals:3 | Killed a kraken
 39315 | Shoals:4 | Entered Level 4 of the Shoals
 39426 | Shoals:4 | Identified the +5 ring mail "Lode" {Slay+3}
 39553 | Shoals:4 | Noticed Bai Suzhen
 39615 | Shoals:3 | Killed Bai Suzhen
 40194 | Shoals:4 | Reached skill level 15 in Armour
 40475 | Shoals:4 | Reached XP level 18. HP: 112/166 MP: 25/25
 41025 | Shoals:4 | Identified the +10 long sword "Facwe" {elec, rF+ Will+}
 41053 | Shoals:4 | Got a barnacled rune of Zot
 41693 | Vaults:1 | Entered Level 1 of the Vaults
 41869 | Vaults:1 | Found a magical portal.
 41972 | WizLab   | Entered Borgnjor's Mausoleum
 42052 | WizLab   | Reached skill level 5 in Shields
 44569 | Vaults:1 | Reached skill level 10 in Shields
 44925 | Vaults:1 | Reached XP level 19. HP: 172/172 MP: 26/26
 45793 | Vaults:1 | Found Wathy's Weapon Boutique.
 46365 | Shoals:1 | Bought 3 scrolls of fear for 348 gold pieces
 46365 | Shoals:1 | Bought a potion of curing for 87 gold pieces
 46365 | Shoals:1 | Bought an iron ring for 145 gold pieces
 46644 | Vaults:2 | Noticed Jory
 47991 | Vaults:2 | Killed Jory
 48459 | D:7      | Bought a +6 ring of dexterity for 468 gold pieces
 48647 | D:11     | Killed bahustanut's ghost
 48856 | Orc:1    | Killed MrSquiggles's ghost
 48924 | Elf:1    | Entered Level 1 of the Elven Halls
 49406 | Elf:1    | Found Ujevinody's Armour Emporium.
 49414 | Elf:1    | Bought a +2 cloak of stealth for 387 gold pieces
 49732 | Elf:1    | Found an ancient bone altar of Kikubaaqudgha.
 50518 | Elf:2    | Reached skill level 15 in Dodging
 50531 | Elf:2    | Found a huge runed translucent gate.
 50531 | Elf:2    | Found a huge runed translucent gate.
 50531 | Elf:2    | Found a huge runed translucent gate.
 50531 | Elf:2    | Found a huge runed translucent gate.
 50536 | Elf:2    | Found a huge runed translucent gate.
 50581 | Elf:2    | Found Xeokhyeph's Jewellery Shoppe.
 50795 | Elf:2    | Reached XP level 20. HP: 180/180 MP: 27/27
 50946 | Elf:2    | Paralysed by an air elemental for 1 turns
 51002 | Elf:2    | Found a shimmering blue altar of Sif Muna.
 52101 | Spider:3 | Found a hide-covered altar of Uskayaw.
 52248 | Spider:3 | Noticed Mara
 52343 | Spider:3 | Noticed questionabletactics's illusion
 52864 | Spider:4 | Entered Level 4 of the Spider Nest
 53352 | Spider:4 | Noticed Agnes
 53373 | Spider:4 | Killed Agnes
 54653 | Spider:4 | Found the +3 pair of mountain boots {steadfast, rC+}
 54887 | Spider:4 | Got a gossamer rune of Zot
 55589 | Vaults:2 | Found a staircase to the Crypt.
 55589 | Vaults:2 | Found a basalt altar of Yredelemnul.
 55590 | Vaults:2 | Found an ancient bone altar of Kikubaaqudgha.
 56204 | Vaults:2 | Found Jeuvez's Armour Shop.
 56334 | Vaults:3 | Found a flickering gateway to a bazaar.
 56343 | Bazaar   | Entered a bazaar
 56347 | Bazaar   | Found Nepn's Jewellery Boutique.
 56369 | Bazaar   | Found Nesacule's Antique Weapon Emporium.
 56390 | Bazaar   | Found Xepat's Antique Armour Boutique.
 56410 | Bazaar   | Found Juosoror's Book Shoppe.
 56452 | Bazaar   | Bought the +0 pair of fencer's gloves {Riposte Dex+3} for
                  | 840 gold pieces
 56452 | Bazaar   | Found the +0 pair of fencer's gloves {Riposte Dex+3}
 56594 | Vaults:3 | Reached XP level 21. HP: 195/195 MP: 28/28
 56665 | Vaults:3 | Identified the +1 ring mail "Fylaetwu" {rF- rC+ Str+6}
 57104 | Vaults:3 | Got a worn book
 57953 | Vaults:4 | Noticed Mennas
 57980 | Vaults:4 | Killed Mennas
 59585 | Elf:3    | Entered Level 3 of the Elven Halls
 59641 | Elf:3    | Reached XP level 22. HP: 207/209 MP: 30/30
 61142 | Elf:3    | Identified the +5 long sword of Gayqour {drain, rC- rCorr
                  | Dex+5 Stlth+}
 61172 | Elf:3    | Identified the +0 quarterstaff of Greed {flame, +Blink
                  | rElec rCorr Str-3}
 61240 | Elf:3    | Identified the amulet of Hahonti {Acrobat Drain rElec rF+
                  | Int+2}
 61453 | Elf:3    | Identified the +10 broad axe of Corpus Delicti {venom, Fly
                  | rF+ Str+3 Int+2}
 61494 | Elf:3    | Found Zeleocs's Antique Armour Boutique.
 61498 | Elf:3    | Identified the amulet "Xenetzi" {Reflect rElec rF- rCorr
                  | Str-5 SH+5}
 61601 | Elf:3    | Identified the +1 ring mail of the Sunfish {rN+ Str+3}
 61630 | Elf:3    | Got a droning book
 62061 | Crypt:1  | Entered Level 1 of the Crypt
 62307 | Crypt:1  | Noticed Donald
 62324 | Crypt:1  | Killed Donald
 62610 | Crypt:1  | Paralysed by something for 2 turns
 63111 | Crypt:1  | Noticed Aizul
 63119 | Crypt:1  | Killed Aizul
 63944 | Crypt:2  | Identified the +0 whip "Exiruc" {pain, rPois}
 64346 | Crypt:2  | Reached XP level 23. HP: 201/215 MP: 31/31
 64458 | Crypt:3  | Entered Level 3 of the Crypt
 64910 | Crypt:3  | Found a staircase to the Tomb.
 64982 | Crypt:3  | HP: 9/215 [revenant/dispel undead (26)]
 66540 | Crypt:3  | Found the +8 demon blade "Leech" {evervamp, Harm Drain rN+}
 66592 | Crypt:3  | Identified the ring "Ynnuk" {rC+ MP+9}
 66595 | Crypt:3  | Identified the +5 flail "Jyix" {speed, Dex+3}
 66733 | Crypt:3  | Identified the +4 long sword "Pymeem" {venom, rF+ Str-3
                  | Dex+5}
 66744 | Crypt:3  | Identified the ring of Vehumet's Anger {rF+ rN+ Str+2
                  | Dex+4}
 66744 | Crypt:3  | Identified the ring "Tuhufrua" {rElec rF+ rN+ Dex-4}
 66744 | Crypt:3  | Identified the ring of Zarph {Fly rN+ rCorr Dex+3}
 66761 | Crypt:3  | Identified the ring "Wodu" {Fly rPois rCorr}
 67335 | Depths:1 | Entered Level 1 of the Depths
 67363 | Depths:1 | Noticed Sojobo
 67378 | Depths:1 | Paralysed by an air elemental for 1 turns
 67494 | D:15     | Paralysed by an air elemental for 1 turns
 67498 | D:15     | Killed Sojobo
 67978 | Depths:1 | Found a gateway to Hell.
 67987 | Depths:1 | Identified the ring "Kuleasask" {Wiz rF- Slay+3 Stlth+}
 68540 | Depths:1 | Identified the +0 robe "Mixaj" {*Corrode rC+++ Int+3}
 68624 | Depths:1 | Noticed Asterion
 68642 | Depths:1 | Killed Asterion
 68832 | Depths:2 | Reached XP level 24. HP: 220/224 MP: 31/31
 69504 | Depths:2 | Noticed a caustic shrike
 69628 | Depths:2 | Killed a caustic shrike
 69957 | Depths:2 | Noticed a juggernaut
 70012 | Depths:2 | Paralysed by a floating eye for 2 turns
 70707 | Depths:2 | Reached skill level 15 in Shields
 70998 | Depths:2 | Killed a juggernaut
 71058 | Depths:2 | Identified the +2 flail of Puarueb {spect, *Slow rElec
                  | Dex+10 Stlth+}
 71218 | Depths:2 | Found a one-way gate leading to the halls of Pandemonium.
 71310 | Depths:2 | Reached XP level 25. HP: 231/231 MP: 31/31
 71952 | Depths:3 | Found a one-way gate to the infinite horrors of the Abyss.
 72328 | Depths:3 | Found a one-way gateway to a ziggurat.
 72711 | Depths:3 | Noticed a juggernaut
 72722 | Depths:3 | Killed a juggernaut
 72920 | Depths:4 | Entered Level 4 of the Depths
 72968 | Depths:4 | Noticed Boris
 72985 | Depths:4 | Killed Boris
 73015 | Depths:4 | Noticed Vv
 73030 | Depths:4 | Killed Vv
 73159 | Depths:4 | Reached XP level 26. HP: 230/239 MP: 31/31
 74294 | Depths:4 | Found a gate to the Realm of Zot.
 74820 | Orc:2    | Bought a scroll of enchant armour for 112 gold pieces
 75076 | Shoals:1 | Bought a scroll of enchant armour for 135 gold pieces
 75411 | Vaults:5 | Entered Level 5 of the Vaults
 75848 | Vaults:5 | Identified the +6 long sword of Erchiw {holy, Dex+3}
 75858 | Vaults:5 | Identified the +7 battleaxe of Duty {antimagic, Int+2}
 75984 | Vaults:5 | Identified the +1 robe of Philately {Rampage rElec rN++
                  | MP-9}
 76093 | Vaults:5 | Noticed an ancient lich
 76122 | Vaults:5 | Killed an ancient lich
 76241 | Vaults:5 | Identified the ring "Tafop" {rN+ Str+2 Dex+2 Stlth+}
 76474 | Vaults:5 | Identified the +3 war axe of the Abyss {elec, rN+ Str+2}
 76756 | Vaults:5 | Noticed an ancient lich
 76772 | Vaults:5 | Killed an ancient lich
 76773 | Vaults:5 | Reached XP level 27. HP: 127/246 MP: 31/31
 77023 | Vaults:5 | Identified the +8 flail "Byich" {freeze, *Rage Dex+5
                  | Stlth+}
 77091 | Vaults:5 | Identified the +0 morningstar of Urgency {freeze, Fragile
                  | rElec rCorr Int+3}
 77221 | Vaults:5 | Got a silver rune of Zot
 77351 | Vaults:5 | Got a leatherbound book
 77459 | Vaults:5 | Found the +2 pair of slick slippers {slick, slippery, EV+4}
 77461 | Vaults:5 | Identified the +0 pair of boots "Xoaloirch" {Harm rElec
                  | rF++ Dex-2}
 77463 | Vaults:5 | Got an uncut book
 78018 | Zot:1    | Entered Level 1 of the Realm of Zot
 78851 | Zot:1    | Noticed an orb of fire
 78885 | Zot:1    | Killed an orb of fire
 80355 | Zot:5    | Entered Level 5 of the Realm of Zot
 80777 | Zot:5    | Noticed a dread lich
 80793 | Zot:5    | Killed a dread lich
 80868 | Zot:5    | Noticed an orb of fire
 80889 | Zot:5    | Noticed an orb of fire
 80892 | Zot:5    | Noticed a dread lich
 80897 | Zot:5    | Killed an orb of fire
 80900 | Zot:5    | Killed a dread lich
 80913 | Zot:5    | Killed an orb of fire
 81386 | Zot:5    | Noticed an orb of fire
 81391 | Zot:5    | Got the Orb of Zot
 81435 | Zot:5    | Noticed Boris
 81444 | Zot:4    | Killed Boris
 81634 | Depths:2 | Paralysed by a floating eye for 3 turns
 82098 | D:$      | Escaped with the Orb!

Illustrated notes

Levels and vault maps discovered:
D:1:      amcnicky_arrival_underground_garden, layout_rooms, serial_shops,
          nicolae_shop_temple_entry_statues_fountains
D:2:      layout_loops_corners, shapermc_ecumenical_altar_starsandcircs,
          serial_shops, shop, minmay_crystal_water, kennysheep_minor_cross
D:3:      layout_rooms, lemuel_zombie_altar_yredelemnul,
          mainiacjoe_overflow_alcove_1, mrwooster_statue_mirror, minmay_vboxes
D:4:      layout_basic, trog_butcher_becter, nicolae_overflow_crystal_walls,
          dreamdust_princess_bridge, dk_noncrumbling_4
D:5:      layout_basic, mainiacjoe_overflow_brackets, uniq_duvessa, uniq_grinder
D:6:      layout_gridville, minmay_temple_entry_mini_moons,
          gammafunk_ghost_arena, nicolae_kite_square_tiling_tiny
D:7:      layout_cave_pods, serial_shops, shop
D:8:      layout_basic, grunt_qazlal_clouds,
          nicolae_overflow_hallway_of_the_gods, david_lair_shrubbed,
          uniq_jeremiah, uniq_maurice
D:9:      layout_basic, uniq_amaemon
D:10:     layout_roguey, kennysheep_mini_moat, zin_treasury, serial_demonic,
          serial_demonic_f, serial_demonic_b, serial_demonic_b,
          serial_demonic_g, uniq_urug
D:11:     layout_loops_corners, david_orc_4, serial_co_window_serial,
          co_window_paths_a, co_window_corner_a, co_window_of_opportunity_a,
          co_window_of_opportunity_a, co_window_of_opportunity_a,
          co_window_of_opportunity_a, co_window_of_opportunity_a,
          co_window_broadway_b, co_window_paths_c, co_window_paths_c,
          co_window_4corner_a, co_window_4corner_b, gammafunk_ghost_hydra_chop
D:12:     layout_stronghold
D:13:     cheibrodos_shockbox, layout_basic, skrybe_vaults_entry_preservation,
          minivault_16, minmay_misc_feat_tiny, tso_oasis_becter
D:14:     layout_roguey, kennysheep_cluttered_room
D:15:     gammafunk_depths_entry_grave, layout_loops_corners,
          minmay_misc_feat_enclosed, nzn_life_drinkers
Temple:   hellmonk_temple_rainy
Lair:1:   layout_gridlike, serial_bayou_shore_a, infiniplex_staircase_pool_2,
          serial_bayou_shore_b, uniq_grum
Lair:2:   layout_roguey, elwin_shoals_entry_rocks, hangedman_lair_generics_rect,
          infiniplex_staircase_pool, uniq_gastronok, uniq_maggie
Lair:3:   layout_layer_cave, hellmonk_spider_entry_life_and_decay,
          grunt_megastairs_1
Lair:4:   layout_loops_ring, slime_entry_1
Lair:5:   grunt_lair_end_beastmaster, layout_cave_pods
Shoals:1: layout_shoals, serial_shops, shop, shop, shop,
          nicolae_shoals_shepherds
Shoals:2: layout_shoals, serial_shops, nicolae_shop_overgrown_old_shop,
          uniq_polyphemus, uniq_ilsuiw, uniq_kirke
Shoals:3: layout_shoals, nicolae_shoals_undead_eyrie
Shoals:4: shoals_end_grunt_ice, layout_shoals, uniq_bai_suzhen
Spider:1: layout_spider_delve, uniq_roxanne, uniq_frances
Spider:2: layout_spider_delve
Spider:3: layout_chambers, nicolae_spider_altar_of_dancing, uniq_mara
Spider:4: spider_rune_water, nicolae_spider_scorpion_nest, uniq_agnes
Orc:1:    layout_caves, gammafunk_ghost_stat_death, uniq_josephine
Orc:2:    grunt_orc_community_town_hall, layout_diamond_mine,
          grunt_orc_community_big_house_2, grunt_orc_community_big_house_2,
          grunt_orc_community_house_2, grunt_orc_community_house_2,
          grunt_orc_community_house_2, grunt_orc_community_house_2,
          grunt_orc_community_house_1, grunt_orc_community_house_3, basic_altar
Elf:1:    minmay_elf_arrival_circle, layout_geoelf_octagon, basic_altar,
          serial_shops, nicolae_shop_peninsula, columned_hall_lemuel,
          lemuel_flamethrower_2
Elf:2:    elven_hall_of_blades_hangedman_alternative [nicolae_blade_lattice],
          layout_rooms, basic_altar, serial_shops, shop, lemuel_upstairs_altar,
          uniq_norris, uniq_azrael
Elf:3:    grunt_elf_hall_diamonds, layout_geoelf_octagon, serial_shops, shop
Vaults:1: mu_enter_wizlab_4, nicolae_vaults_circle_grid_a,
          nicolae_vaults_house_1, nicolae_vaults_quartermaster,
          hangedman_vaults_trim, nicolae_vaults_tetromino_Z_2,
          nicolae_vaults_shelves_hall, nicolae_vaults_specimen_jars,
          nicolae_vaults_wine_cellar, layout_vaults_omnigrid, serial_shops,
          nicolae_shop_back_alley_shop
Vaults:2: serial_ice_h, nicolae_vaults_spaceships,
          nicolae_vaults_hexular_roomagon, nicolae_vaults_ninety_degrees,
          minmay_crypt_entry_necro_gods, vaults_room_mumra_shop_pool,
          vaults_mumra_chevron_long, nicolae_vaults_little_squares_4,
          hangedman_vaults_capsules, special_room_vaults [special_room_orc],
          nicolae_vaults_mini_display_case, layout_vaults_ring, uniq_jory
Vaults:3: hangedman_vaults_stretched_pinwheel, nicolae_vaults_network_star,
          v_rooms_3, nicolae_vaults_library_corner, hangedman_vaults_trim,
          vaults_room_corners, nicolae_vaults_closet_pinwheel_6,
          layout_vaults_big_room, serial_shops, bzr_entry_lakeside
Vaults:4: nicolae_vaults_double_plus_1, v_pattern_3,
          nicolae_vaults_hallways_thing, nicolae_vaults_swerve,
          ontoclasm_vaults_ligature, v_misc_24, vaults_room_octagon,
          nicolae_vaults_trapezoid_layered, vaults_mumra_hexcomb,
          nicolae_vaults_mush_room, ontoclasm_vaults_ring_large,
          vaults_room_pool, v_misc_24, nicolae_vaults_tetromino_T_2, v_misc_5,
          nicolae_vaults_tetromino_L_2, v_alt_pattern_4, layout_vaults_omnibox,
          uniq_mennas, uniq_saint_roka
Vaults:5
Crypt:1:  layout_gridlike, grunt_crypt_arrival_webbed, grunt_megastairs_3,
          uniq_aizul, uniq_donald, uniq_josephina
Crypt:2:  layout_misc_corridors
Crypt:3:  due_elkab, layout_chaotic_city
Depths:1: layout_small_grid, chequers_serial_rivers_micro_e, hell_entry,
          corexii_corridor_pit, kennysheep_generic_room_3, uniq_sojobo,
          uniq_asterion
Depths:2: box_level_dp, hell_entry, pan_entry
Depths:3: kennysheep_cluttered_fort, layout_gridlike, enter_ziggurat_f,
          abyss_entry, hell_entry, minmay_misc_feat_room,
          statue_in_the_mist_lemuel
Depths:4: grunt_zot_entry_bicorn, layout_small_grid, hell_entry,
          bh_walls_and_bars, uniq_vv, uniq_margery, uniq_boris
Zot:1:    lemuel_firehouse, layout_onion
Zot:2:    layout_onion
Zot:3:    layout_misc_corridors
Zot:4:    kennysheep_room_grid, layout_cellular_growth
Zot:5:    layout_basic

Skill      XL: |  1  2  3  4  5  6  7  8  9 10 11 12 13 14 15 16 17 18 19 20 21 22 23 24 25 26 27 |
---------------+----------------------------------------------------------------------------------+-----
Unarmed Combat | 4 5 6 7 8 10 12 13 15 16 17 19 20 21 | 21.6
Armour         | 4 7 9 10 12 13 14 15 17 19 21 23 | 23.8
Fighting       | 6 10 13 14 15 16 18 20 | 20.0
Evocations     | 2 3 5 7 |  7.9
Invocations    | 4 5 10 11 13 | 13.0
Dodging        | 7 8 10 12 13 15 16 18 20 23 | 23.2
Shields        | 4 10 13 16 17 | 17.3

Action                     |  1- 3 |  4- 6 |  7- 9 | 10-12 | 13-15 | 16-18 | 19-21 | 22-24 | 25-27 || total
---------------------------+-------+-------+-------+-------+-------+-------+-------+-------+-------++-------
  Melee: Unarmed           |    85 |   134 |   253 |   605 |  1527 |  2045 |  2102 |  1629 |  1906 || 10286
         Punch             |       |     1 |    15 |    59 |    58 |       |       |       |       ||   133
  Throw: Dart              |       |     6 |    11 |    31 |     5 |    10 |       |       |       ||    63
         Boomerang         |       |       |     5 |       |       |       |       |       |       ||     5
  Evoke: Wand              |       |       |       |     6 |    15 |    40 |    29 |     2 |    12 ||   104
         Sack of spiders   |       |       |       |       |       |       |       |       |     1 ||     1
    Use: Scroll            |       |     4 |     5 |     2 |    15 |    15 |     5 |     5 |    18 ||    69
         Potion            |       |       |     4 |     3 |     1 |    15 |     6 |     3 |    16 ||    48
   Stab: Invisible         |       |       |     3 |     8 |       |     6 |       |       |     6 ||    23
         Paralysed         |       |       |       |     3 |    10 |    13 |    21 |       |     1 ||    48
         Distracted        |       |       |       |       |       |     3 |     1 |     1 |     1 ||     6
         Held in net/web   |       |       |       |       |       |       |     2 |       |       ||     2
         Confused          |       |       |       |       |       |       |       |       |     3 ||     3
 Armour: Robe              |    15 |       |       |       |       |       |       |       |       ||    15
         Ring mail         |    26 |    58 |   113 |       |       |       |       |       |       ||   197
         Plate armour      |       |       |    43 |   420 |   974 |  1684 |   210 |       |       ||  3331
         Storm dragon scal |       |       |       |       |       |       |   786 |   111 |       ||   897
         Crystal plate arm |       |       |       |       |       |       |       |   715 |   934 ||  1649
  Dodge: Dodged            |    37 |    75 |   131 |   204 |   600 |   870 |   816 |   648 |   918 ||  4299
  Block: Buckler           |       |       |       |       |   187 |   754 |       |       |       ||   941
         Reflection        |       |       |       |       |       |    35 |    32 |    31 |    21 ||   119
         Kite shield       |       |       |       |       |       |   238 |  1592 |   918 |  1033 ||  3781
Riposte: Unarmed           |       |       |       |       |       |       |   172 |   427 |   499 ||  1098

Table legend: (Time is in decaauts)
 A = Elapsed time spent in this place.
 B = Non-inter-level travel time spent in this place.
 C = Inter-level travel time spent in this place.
 D = Time resting spent in this place.
 E = Time spent auto-exploring this place.
 F = Levels seen in this place.
 G = Mean time per level.
                   A        B        C        D        E       F      G
               +--------+--------+--------+--------+--------+-----+--------+
         Total |  79573 |  71244 |   8329 |  19678 |  31210 |  53 | 1501.4 |
       Dungeon |  22409 |  17623 |   4786 |   3054 |  10937 |  15 | 1493.9 |
        Temple |      4 |      4 |      0 |      0 |      0 |   1 |    4.0 |
          Lair |   9157 |   8369 |    788 |   2903 |   3887 |   5 | 1831.4 |
        Shoals |   6983 |   6559 |    424 |   2476 |   2129 |   4 | 1745.8 |
   Spider Nest |   7191 |   6820 |    371 |   2827 |   1733 |   4 | 1797.8 |
  Orcish Mines |   2616 |   2319 |    297 |    543 |   1032 |   2 | 1308.0 |
   Elven Halls |   4080 |   3892 |    188 |   1322 |   1193 |   3 | 1360.0 |
        Vaults |   9726 |   8828 |    898 |   1757 |   4103 |   5 | 1945.2 |
         Crypt |   4806 |   4700 |    106 |    744 |   2721 |   3 | 1602.0 |
        Depths |   6921 |   6513 |    408 |   1369 |   3348 |   4 | 1730.2 |
           Zot |   3132 |   3074 |     58 |   1358 |     13 |   5 |  626.4 |
        Bazaar |    158 |    158 |      0 |      0 |     85 |   1 |  158.0 |
        Wizlab |   2386 |   2386 |      0 |   1324 |     28 |   1 | 2386.0 |
               +--------+--------+--------+--------+--------+-----+--------+

Top non-repeatable levels by time:
    D:11: 2998 daAuts
Vaults:1: 2603 daAuts
Depths:2: 2593 daAuts
  WizLab: 2386 daAuts
Spider:1: 2352 daAuts
  Lair:3: 2293 daAuts
Vaults:2: 2246 daAuts
  Lair:1: 2175 daAuts
 Crypt:3: 2110 daAuts
Vaults:5: 2099 daAuts
    D:13: 2016 daAuts
   Orc:2: 1948 daAuts
    D:15: 1929 daAuts
   Elf:3: 1912 daAuts
  Lair:2: 1905 daAuts
